[Event "XII Cracow ICC-A 2024"]
[Site "Krakow"]
[Date "2024.06.25"]
[Round "5.1"]
[White "Gumularz, Szymon"]
[Black "Rozentalis, Eduardas"]
[Result "1/2-1/2"]
[ECO "A18"]
[WhiteElo "2593"]
[BlackElo "2476"]
[Annotator "TA"]
[PlyCount "51"]
[EventDate "2024.06.20"]
[EventType "swiss"]
[EventCountry "POL"]
[SourceTitle "playchess.com"]
[Source "ChessBase"]
[SourceQuality "1"]
[TimeControl "40/5400+30:1800+30"]

1. c4 e6 2. Nc3 Nf6 3. e4 d5 4. cxd5 exd5 5. e5 Ne4 6. Nf3 Bf5 7. d3 Nxc3 8. bxc3 c5 9. d4 c4 {[%emt 0:00:46] Prevents Bd3} 10. Be2 Be7 11. O-O O-O 12. Ne1 f6 13. g4 Bc8 14. f4 fxe5 15. dxe5 Bc5+ 16. Kh1 Nc6 17. Ng2 Kh8 18. Rb1 (18. Be3 $14 Bb6 19. Rc1) 18... d4 $11 {[%emt 0:08:12] The position is equal.} 19. cxd4 Nxd4 20. Bxc4 b5 $1 21. Bxb5 Nxb5 22. Rxb5 Qxd1 23. Rxd1 Bxg4 24. Rd2 Bb6 {[%emt 0:07:38] A strong pair of Bishops.} 25. h4 Rac8 26. Ba3 {[%emt 0:19:20] Weighted Error Value: White=0.06 (flawless) /Black=0.04 (flawless) .  Mistake:       	White=1     	---        OK:         	White=13    	Black=8      Best:        	---       	Black=2      Strong:       	---       	Black=1} 1/2-1/2

[Event "XII Cracow ICC-A 2024"]
[Site "Krakow"]
[Date "2024.06.25"]
[Round "5.2"]
[White "Moussard, Jules"]
[Black "Hollan, Martin"]
[Result "1-0"]
[ECO "B30"]
[WhiteElo "2610"]
[BlackElo "2373"]
[Annotator "TA"]
[PlyCount "129"]
[EventDate "2024.06.20"]
[EventType "swiss"]
[EventCountry "POL"]
[SourceTitle "playchess.com"]
[Source "ChessBase"]
[SourceQuality "1"]
[TimeControl "40/5400+30:1800+30"]

1. e4 c5 2. Nf3 Nc6 3. Bb5 e5 4. O-O Bd6 5. c3 a6 6. Ba4 {[%emt 0:01:03] B30: Sicilian: 2...Nc6 3 Bb5, lines without ...g6.} b5 7. Bb3 c4 8. Bc2 Nge7 9. d3 cxd3 10. Qxd3 Bc7 11. Rd1 O-O 12. a4 b4 $146 ({Predecessor:} 12... Rb8 13. Bg5 h6 14. Bh4 Qe8 15. axb5 axb5 16. Na3 Ng6 17. Bg3 Na7 18. b4 d6 {0-1 Wartiovaara,O (2158)-Janaszak,D (2331) Titled Tuesday intern op 14th Jun Late blitz 2022 (10)}) 13. Nbd2 a5 14. Nf1 d6 15. Ne3 Ba6 16. Qd2 Kh8 17. Bd3 Qc8 18. Bb5 Bb7 19. Bc4 f5 20. exf5 Nxf5 21. Ng5 Nxe3 (21... bxc3 $14 22. bxc3 Nce7) 22. Qxe3 $16 Nd8 23. Bd5 ({White should play} 23. Qd3 $1 $16 e4 24. Nxe4) 23... Bxd5 $11 24. Rxd5 Ne6 (24... h6 $11 25. Ne4 Ne6) 25. Qd3 (25. Nxe6 $1 $16 Qxe6 26. Rb5) 25... Nxg5 $14 26. Bxg5 bxc3 27. bxc3 Qe6 (27... Qf5 $14 28. Qxf5 Rxf5) 28. Be3 $16 Rab8 29. c4 h6 30. Rb5 Rbc8 31. Rc1 Bd8 32. Rd5 Rc6 33. c5 Be7 34. cxd6 Rxd6 35. Rxd6 Qxd6 36. Qb5 Qb4 37. Qxe5 Bf6 38. Qc5 Rd8 39. Qc6 Bd4 {[%emt 0:03:26] [#]} 40. Bxh6 ({Better is} 40. Bxd4 $1 $16 Qxd4 41. g3) 40... Bxf2+ (40... Rf8 $1 $14) 41. Kxf2 $18 Qh4+ 42. Ke2 (42. Ke3 $1 $16 {Black must now prevent Bf4.} gxh6 43. Qc3+ Kg8 44. Qc4+ (44. Qxa5 Qd4+ 45. Kf3 Qd3+ 46. Kg4 Rd4+ 47. Kh5 Qe2+ 48. Kxh6 Qe6+ 49. Kh5 Qg4+ 50. Kh6 Rd6#) 44... Qxc4 45. Rxc4) 42... gxh6 $11 43. Qc3+ Qd4 $1 44. Qe3 (44. Qxa5 {gets mated.} Qd3+ 45. Kf2 Rf8+) (44. Kf3 {simplifies} Qxc3+ 45. Rxc3 Rd4 46. Ra3) 44... Qf6 45. Rc4 Qb2+ (45... Rf8 $11 {remains equal.} 46. Qc3 Qxc3 47. Rxc3 Rf4) 46. Kf3 $16 Qb7+ 47. Re4 Qc6 48. Kg3 Qg6+ 49. Rg4 Qf6 50. h4 Rg8 (50... Qd6+ $16 51. Kh3 Qd3 52. Qxd3 Rxd3+ 53. g3 Rc3) 51. Rxg8+ $1 $18 Kxg8 52. Qb3+ Kg7 53. Qb7+ Kg6 {[%emt 0:00:09] [#]} 54. Qe4+ $1 Kg7 55. Kg4 (55. Qg4+ $18 {and the rest is easy.} Kh7 56. Qd7+ Kh8 57. Qc8+ Kh7 58. Qc7+ Kg6 59. Qxa5) 55... Qf1 (55... Qf2 $16 {was necessary.}) 56. Qe7+ Kg8 57. Qe6+ Kg7 58. Qe7+ Kg8 59. Qe6+ Kg7 60. Kh5 Qxg2 61. Qxh6+ Kf7 {[%emt 0:00:07] [#]} 62. Qf4+ $1 Ke8 63. Qe5+ Kf7 $2 (63... Kd7 $18) 64. Qf5+ (64. Qxa5 $2 Qg6#) 64... Ke8 65. Qg6+ ({Stronger than} 65. Qxa5 Qe2+ 66. Kh6 Qe6+ 67. Kh5 Qe2+ 68. Kg6 Qe6+ 69. Kh5 Qe2+ $11) 1-0

[Event "XII Cracow ICC-A 2024"]
[Site "Krakow"]
[Date "2024.06.25"]
[Round "5.3"]
[White "Sieciechowicz, Marcin"]
[Black "Fier, Alexandr"]
[Result "1-0"]
[ECO "E35"]
[WhiteElo "2405"]
[BlackElo "2602"]
[Annotator "TA"]
[PlyCount "59"]
[EventDate "2024.06.20"]
[EventType "swiss"]
[EventCountry "POL"]
[SourceTitle "playchess.com"]
[Source "ChessBase"]
[SourceQuality "1"]
[TimeControl "40/5400+30:1800+30"]

1. d4 Nf6 2. c4 e6 3. Nc3 Bb4 4. Qc2 d5 5. cxd5 exd5 6. Bg5 h6 7. Bh4 g5 8. Bg3 Nc6 9. e3 h5 {[%emt 0:00:04] The position is equal.} 10. Bb5 h4 11. Be5 O-O 12. Bxc6 bxc6 13. Nge2 Ne4 {[%emt 0:00:21] White must now prevent ...Bf5.} 14. O-O Bxc3 15. Nxc3 Nxc3 16. Qxc3 Bd7 {[%emt 0:02:31] Black is weak on the dark squares} (16... f6 $1 $11 17. Qxc6 Bd7) 17. Qa5 Rc8 {[%emt 0:01:14] [#] Hoping for ...f6.} 18. h3 $1 {[%emt 0:00:18] White has more active pieces.} (18. Qxa7 $2 f6 19. a4 fxe5 20. dxe5 Rb8 $19) 18... f6 19. Bh2 Re8 20. Qxa7 Re4 21. Qa5 Qe7 22. Qd2 ({And not} 22. Bxc7 Bxh3 23. gxh3 Rxc7 $14) 22... Kh8 23. f3 Re6 24. f4 (24. Rfe1 $18) 24... gxf4 $2 {[%emt 0:05:39] [#] A mistake that costs the game.} (24... g4 $16) 25. Rxf4 $18 Rxe3 26. Rxf6 ({Resist} 26. Rxh4+ Kg8 27. Rf1 Re8) 26... Qe4 (26... Qxf6 27. Qxe3 Kg8) 27. Rf4 {[%emt 0:02:38] White is clearly winning.} Qd3 28. Qxd3 Rxd3 29. Rf7 Be6 30. Be5+ {[%emt 0:00:06] Weighted Error Value: White=0.04 (flawless) /Black=0.27 (precise) .  Mistake:       	White=1     	Black=3      Inaccurate:     	---       	Black=2      OK:         	White=11    	Black=7      Best:        	---       	Black=1      Strong:       	White=1     	---} 1-0

[Event "XII Cracow ICC-A 2024"]
[Site "Krakow"]
[Date "2024.06.25"]
[Round "5.4"]
[White "Samunenkov, Ihor"]
[Black "Marszalek, Maciej"]
[Result "1-0"]
[ECO "A61"]
[WhiteElo "2532"]
[BlackElo "2255"]
[Annotator "TA"]
[PlyCount "175"]
[EventDate "2024.06.20"]
[EventType "swiss"]
[EventCountry "POL"]
[SourceTitle "playchess.com"]
[Source "ChessBase"]
[SourceQuality "1"]
[TimeControl "40/5400+30:1800+30"]

1. d4 Nf6 2. c4 c5 3. d5 e6 4. Nc3 exd5 5. cxd5 d6 6. Nf3 g6 7. Nd2 Nbd7 8. e4 Bg7 9. Be2 O-O 10. O-O Re8 11. h3 a6 12. a4 Rb8 13. Qc2 Nh5 {[%emt 0:06:13] A77: Modern Benoni: Classical: 9...Re8 10 Nd2: 10...a6 and 10...Nbd7.} 14. Bxh5 gxh5 15. a5 b5 16. axb6 Nxb6 17. Nf3 $146 ({Predecessor:} 17. Re1 f5 18. Qd1 Qg5 19. Kh1 Qg6 20. Ra3 h4 21. Nf3 Bf6 22. exf5 Bxf5 23. Rxa6 {1-0 Li,B (2305)-Niemann,H (2254) USA-ch U16 Manchester 2017 (6)}) 17... h6 18. Bf4 Qf6 19. Bg3 Nc4 20. Ra2 Bd7 21. Nd2 Nxd2 22. Qxd2 h4 23. Bf4 Rb6 24. Re1 Qg6 25. Kh2 Bc8 26. f3 Rb4 27. Raa1 Kh7 28. Re2 Qf6 29. Qc1 Qd8 30. Kh1 f5 31. Qc2 Kh8 32. Rae1 fxe4 33. fxe4 Qf6 34. Bh2 Qg6 35. Qc1 a5 36. e5 dxe5 37. Bxe5 Bxe5 38. Rxe5 Rg8 39. R1e2 Rd4 40. R5e3 (40. Ne4 $6 Bxh3 41. gxh3 Rd3 $11) 40... Bf5 (40... Qg5 $142) 41. Qe1 Bd3 42. Rf2 ({Resist} 42. Re6 Qg5 $18) 42... Rf4 (42... a4 {is a better defense.} 43. Re6 Qg5) 43. Re6 $18 (43. Rxf4 $2 Qxg2#) 43... Qg5 44. Rxh6+ Qxh6 45. Qe5+ Qf6 46. Qxf4 Qxf4 47. Rxf4 Rb8 48. d6 Rd8 49. Na4 Rxd6 50. Nxc5 ({Don't play} 50. Rxh4+ Kg7 51. Nxc5 Bg6) 50... Bb5 (50... Bg6 $16 51. Rxh4+ Kg8) 51. Rxh4+ $18 Kg7 52. Nb3 Rd1+ 53. Kh2 Rb1 54. Rh5 (54. Nxa5 Rxb2 55. Rg4+ Kf6) 54... Be8 55. Rxa5 Rxb2 56. Nd4 Bg6 57. Re5 Kf6 $2 (57... Rb4 {might work better.}) 58. Re2 $18 Rb1 59. g4 Rb4 60. Nf3 Be4 61. Kg3 Bb7 62. Re3 Bc8 63. Nd2 Bb7 $2 (63... Ra4 64. Ne4+ Kg6) 64. h4 Bc8 65. Ne4+ Ke5 $2 (65... Kg7 {keeps fighting.} 66. Nf2 Kh6) 66. Nf2+ Kf6 67. Rf3+ Kg6 (67... Kg7 $142 68. h5 Be6) 68. h5+ $18 Kg7 69. Rf4 Rb5 70. Kh4 Ra5 71. Nh1 Rb5 72. Ng3 Ra5 73. Rf2 Ra4 74. Nf5+ Kh7 75. Kg5 Ra5 76. Rf4 Be6 77. Kh4 Bc8 78. Nd6 Be6 79. Rf6 Bb3 80. Nf5 Bc2 81. Rf7+ Kg8 82. Nh6+ Kh8 83. Rc7 Bd1 (83... Bb1 $142 84. Nf7+ Kg8 85. Nh6+ Kh8) 84. Nf7+ $18 Kg7 85. Ng5+ Kh8 86. h6 Ra8 87. Rh7+ Kg8 88. Rg7+ 1-0

[Event "XII Cracow ICC-A 2024"]
[Site "Krakow"]
[Date "2024.06.25"]
[Round "5.5"]
[White "Nurgaliyev, Sauat"]
[Black "Vetoshko, Volodymyr"]
[Result "1/2-1/2"]
[ECO "B10"]
[WhiteElo "2321"]
[BlackElo "2505"]
[Annotator "TA"]
[PlyCount "102"]
[EventDate "2024.06.20"]
[EventType "swiss"]
[EventCountry "POL"]
[SourceTitle "playchess.com"]
[Source "ChessBase"]
[SourceQuality "1"]
[TimeControl "40/5400+30:1800+30"]

1. e4 c6 2. Nf3 d5 3. Nc3 dxe4 4. Nxe4 Nf6 5. Qe2 Na6 6. d4 {[%emt 0:01:25] B11: Caro-Kann: Two Knights Variation.} Nxe4 7. Qxe4 Qd5 8. Qxd5 cxd5 9. Ne5 Nb8 10. Bb5+ Nd7 11. Be3 $146 ({Predecessor:} 11. Be2 a6 12. Nd3 Nb8 13. c3 Bf5 14. Nf4 e6 15. g4 Bc2 16. h4 Bd6 17. Be3 {1-0 Kollars,D (2629)-Pultinevicius,P (2575) Karlsruhe Grenke op 2024 (5)}) 11... f6 12. Nxd7 Bxd7 13. Bd3 Rc8 14. O-O-O Kf7 15. f3 h5 16. h4 g6 17. Kb1 Bf5 18. Rhe1 e6 19. Bf4 b5 20. Re3 b4 21. Rde1 Bxd3 22. Rxd3 Rc4 23. b3 Rc6 24. Rc1 Be7 25. c4 dxc4 26. Rxc4 Rxc4 27. bxc4 Rc8 28. c5 e5 29. dxe5 fxe5 30. Bxe5 Rxc5 ({Much worse is} 30... Bxh4 31. Bd6 $14) 31. Bg3 a5 32. Rd7 Ke6 33. Ra7 Rd5 34. Ra6+ Kf7 35. Bc7 Bxh4 36. Bxa5 Be1 37. Kc1 Bd2+ 38. Kb2 Bc3+ (38... h4 $15 39. Ra7+ Ke6) 39. Kb3 $11 Rd2 40. a3 Rxg2 41. axb4 Be5 42. Ra7+ Ke6 43. Bd8 g5 44. Rh7 g4 45. fxg4 hxg4 46. Kc4 g3 47. Rh5 Bf4 48. Bb6 Rh2 49. Ra5 g2 50. Ra1 Kf5 51. Ra2 Rh6 1/2-1/2

[Event "XII Cracow ICC-A 2024"]
[Site "Krakow"]
[Date "2024.06.25"]
[Round "5.6"]
[White "Petrovic, Aleksa"]
[Black "Kosakowski, Jakub"]
[Result "0-1"]
[ECO "D02"]
[WhiteElo "2303"]
[BlackElo "2480"]
[Annotator "TA"]
[PlyCount "134"]
[EventDate "2024.06.20"]
[EventType "swiss"]
[EventCountry "POL"]
[SourceTitle "playchess.com"]
[Source "ChessBase"]
[SourceQuality "1"]
[TimeControl "40/5400+30:1800+30"]

1. d4 Nf6 2. Nf3 d5 3. g3 Bf5 4. Bg2 h6 5. c4 e6 6. Nc3 c6 7. Qb3 Qb6 8. c5 Qa6 (8... Qxb3 $11 9. axb3 Nbd7) 9. Bf1 $1 $16 {[%emt 0:22:17][%cal Oe2e4] Black must now prevent e4! White is better.} b5 {[%emt 0:00:28] [#]} 10. a4 $1 Nbd7 {[%emt 0:02:10] [#]} (10... bxa4 $142 11. Rxa4 (11. Nxa4 Be4 $16) (11. Qxa4 Qxa4 12. Nxa4 Nbd7 $14) 11... Qc8) 11. Ra2 ({White should try} 11. Qa2 $1) 11... bxa4 12. Rxa4 Qc8 13. Qa2 Ne4 14. Rxa7 Rxa7 15. Qxa7 g5 16. h4 g4 17. Nd2 Nxd2 18. Bxd2 {[%emt 0:00:07][%cal Oe2e4] aiming for e4!} (18. Kxd2 Bg7 19. e4 dxe4) 18... Bg7 19. Be3 e5 20. dxe5 Nxe5 21. Bg2 O-O 22. O-O Nc4 {[%emt 0:00:19][%cal Od5d4] Threatens to win with ...d4!} 23. Bc1 Qe6 24. e4 dxe4 25. Re1 (25. Qa4 $11) 25... Ne5 $15 {[%emt 0:00:15] And now ...Nd3 would win.} 26. Rd1 Nd3 {[%emt 0:18:35] Hoping for ...Nxc1.} 27. Be3 Qb3 {[%emt 0:11:45] Against Qb7} (27... Nxb2 $15 28. Rd6 Qe8) 28. Qa4 (28. Qb6 $11 Qxb6 (28... Qxb2 29. Bxe4 Bxe4 30. Nxe4 $11) 29. cxb6 Nxb2 30. Rc1) 28... Qxa4 (28... Qxb2 29. Nxe4 (29. Bxe4 Bxe4 30. Nxe4 Ne5 $14) 29... Ne5 30. Kh2 $18) 29. Nxa4 h5 $36 {[%emt 0:00:50][%mdl 2048] Black has good play.} (29... Bxb2 $2 30. Rxd3 (30. Nxb2 Nxb2 31. Rd6 Nc4 $11) 30... exd3 31. Nxb2 $18) 30. Rd2 (30. b3 $15 {was preferrable.}) 30... Ra8 {[%emt 0:00:53] Black converts the advantage convincingly.} 31. Nc3 (31. Nb6 $15 Ra1+ 32. Kh2) 31... Bxc3 $17 32. bxc3 Ra1+ 33. Kh2 f6 34. Re2 (34. Bd4 $142) 34... Kf7 35. c4 Bg6 {[%emt 0:01:19] Black has more active pieces.} 36. Bd4 (36. Rc2 $17 {was called for.}) 36... Rc1 $19 37. Ra2 Rxc4 38. Ra7+ Ke6 39. Be3 Nxc5 40. Rg7 Bf7 41. Bxc5 $2 (41. Rh7 {is tougher.}) 41... Rxc5 42. Bxe4 {[%emt 0:00:05][%mdl 4096] Endgame. KRB-KRB} f5 43. Bg2 Rc2 44. Kg1 Rc1+ 45. Kh2 Kf6 46. Rh7 c5 47. Rh6+ Bg6 {[%emt 0:04:51] ( -> ...Kg7)} 48. Rh8 c4 49. Rc8 c3 50. Rc6+ Kg7 51. Rc7+ Kf8 52. Rc6 Be8 53. Rf6+ (53. Rc5 $142 Ke7 54. Ba8) 53... Ke7 54. Rxf5 Bg6 55. Re5+ Kf6 {[%emt 0:00:20] Black mates.} 56. Rc5 c2 57. Rc6+ Kg7 58. Rc7+ Kh6 59. Rc6 Re1 60. Be4 Rxe4 ({And not} 60... c1=B 61. Bxg6 (61. Rxg6+ Kh7 $18) 61... Bb2 62. Bd3+ Kg7 63. Rg6+ Kf7 64. Rg5 $18) 61. Rxc2 {[%emt 0:00:10] KRB-KR} Re1 62. Rc6 Kg7 63. Rc7+ Kf8 64. Rc8+ Ke7 65. Rc7+ Kd8 66. Rg7 Be4 67. f3 Re2+ {[%emt 0:00:05] Weighted Error Value: White=0.44/Black=0.14 (very precise) .  Mistake:       	White=9     	Black=3      Inaccurate:     	White=1     	Black=2      OK:         	White=12    	Black=13     Best:        	White=2     	Black=8      Strong:       	White=2     	---} ({Not} 67... Bxf3 68. Rd7+ Ke8 69. Rd8+ Kf7 (69... Ke7 70. Re8+ Kxe8 $11) 70. Rf8+ Kg6 71. Rg8+ Kf6 72. Rf8+ Ke7 73. Re8+ Kxe8 $11) 0-1

[Event "XII Cracow ICC-A 2024"]
[Site "Krakow"]
[Date "2024.06.25"]
[Round "5.7"]
[White "Keleberda, Tymur"]
[Black "Mirzoev, Azer"]
[Result "1-0"]
[ECO "C44"]
[WhiteElo "2223"]
[BlackElo "2448"]
[Annotator "TA"]
[PlyCount "124"]
[EventDate "2024.06.20"]
[EventType "swiss"]
[EventCountry "POL"]
[SourceTitle "playchess.com"]
[Source "ChessBase"]
[SourceQuality "1"]
[TimeControl "40/5400+30:1800+30"]

1. e4 e5 2. Nf3 Nc6 3. Bc4 Nf6 4. d4 exd4 5. e5 d5 6. Bb5 Nd7 7. O-O Be7 8. Bxc6 bxc6 9. Nxd4 {[%emt 0:00:06] C56: Two Knights: 4 d4 exd4 5 0-0 Nxe4.} Nb8 10. Nc3 O-O 11. Qf3 a5 12. Re1 Ra6 13. Bf4 c5 14. Ndb5 $146 ({Predecessor:} 14. Nde2 d4 15. Nd5 Be6 16. c4 Nd7 17. Bg3 Nb6 18. Nxe7+ Qxe7 19. b3 a4 20. Nf4 Rfa8 21. Rab1 axb3 22. axb3 Ra3 23. Qe4 Qd7 24. Nxe6 fxe6 25. f4 {½-½ Rios Parra,A (2198)-Dominguez Rincon,M (2021) Medellin Flores op 30th 2023 (4)}) 14... d4 (14... Be6 $15) 15. Nd5 $36 {[%emt 0:07:06][%mdl 2048] White fights for an advantage.} Rg6 16. Nbxc7 Nc6 17. c4 Qd7 18. Bg3 Bb7 (18... Nb4 $14) 19. Nxe7+ (19. h4 $142) 19... Qxe7 $16 20. Nd5 Qd7 21. Nf4 $1 Nb4 {[%emt 0:02:09] Against Qd5} 22. Qd1 {[%emt 0:07:05][%cal Oa2a3] And now a3! would win.} Rb6 23. a3 Na6 24. b3 Nc7 25. Rb1 Ra8 26. Qh5 Re8 27. h3 h6 28. Qg4 Qxg4 ({Don't play} 28... Ne6 29. Nh5 Qc6 30. Bf4 $16) 29. hxg4 Bc8 {[%emt 0:01:43] [#]} 30. b4 axb4 $11 31. axb4 Rxb4 32. Rxb4 cxb4 33. Nd3 Bxg4 (33... b3 {feels hotter.} 34. f3 h5 35. Nc5 b2) 34. Nxb4 Ne6 35. f3 Bf5 36. Rc1 Nc5 37. Bf2 {[%emt 0:00:38] [#]} (37. Rd1 $11 {remains equal.}) 37... Nb3 $1 $17 38. Rd1 Kh7 ({Black should play} 38... Rc8 $17 39. Nd5 Kf8) 39. c5 ({Better is} 39. Bxd4 $11 Rc8 40. Be3) 39... Rxe5 $15 40. Nc6 $2 (40. g4 $15) 40... Rxc5 $19 41. Nb4 Rc4 42. Nd3 f6 43. Kf1 h5 44. Ke2 g5 45. Ne1 Kg6 46. Nd3 h4 {[%emt 0:01:11] Hoping for ...Rc3.} 47. Ne1 Ra4 48. Kf1 Kf7 49. Nd3 $2 (49. f4) 49... Bxd3+ 50. Rxd3 {[%emt 0:00:07][%mdl 4096] Endgame. KRB-KRN} Ra1+ 51. Be1 Rb1 52. Kf2 Ke6 53. Bb4 Kd5 {[%emt 0:01:49] Threatens to win with ...Kc4.} 54. Be7 Kc4 55. Rxb3 Rxb3 56. Bxf6 {[%emt 0:00:09] KR-KB} Rb2+ 57. Kf1 Rb5 58. Ke2 Ra5 59. Bg7 Ra2+ 60. Kf1 d3 61. Bf6 Kb3 62. Bxg5 Kc2 1-0

[Event "XII Cracow ICC-A 2024"]
[Site "Krakow"]
[Date "2024.06.25"]
[Round "5.8"]
[White "Drozdowski, Kacper"]
[Black "Vasynda, Oleksandr"]
[Result "1-0"]
[ECO "B33"]
[WhiteElo "2448"]
[BlackElo "2219"]
[Annotator "TA"]
[PlyCount "57"]
[EventDate "2024.06.20"]
[EventType "swiss"]
[EventCountry "POL"]
[SourceTitle "playchess.com"]
[Source "ChessBase"]
[SourceQuality "1"]
[TimeControl "40/5400+30:1800+30"]

1. e4 c5 2. Nf3 Nc6 3. d4 cxd4 4. Nxd4 Nf6 5. Nc3 g6 6. Bc4 Bg7 7. Nxc6 dxc6 8. Qxd8+ Kxd8 9. a4 (9. Bxf7 e6 10. Bg5 Kc7 11. Bf4+ Kd7 $17) 9... Ke8 10. a5 Nd7 11. Be3 {[%emt 0:03:01] Dodges Nc5. White is slightly better.} e5 12. O-O Bf8 {[%emt 0:03:29] Inhibits b4.} 13. f4 {[%emt 0:20:35] White has more active pieces.} exf4 14. Bxf4 Bc5+ 15. Kh1 f6 16. Rad1 {[%emt 0:04:23][%cal Oe4e5] Black is weak on the light squares} (16. e5 {simplifies} Nxe5 17. Rae1 Bb4 18. Bxe5 fxe5 19. Rxe5+ Kd8 20. Rf7) 16... g5 $2 {[%emt 0:04:13] [#] A mistake that costs the game.} (16... Ne5 $14 17. Bb3 Bg4) 17. Bc7 $1 $18 {[%emt 0:06:03][%cal Oe4e5] And now e5! would win.} Rf8 {[%emt 0:08:42] [#]} 18. e5 $1 fxe5 19. Ne4 b5 $2 (19... Be7 20. Rfe1 h6) 20. Be2 Rxf1+ 21. Rxf1 {[%emt 0:02:05] White is clearly winning.} h6 22. Nd6+ Bxd6 23. Bxd6 Bb7 24. Bh5+ {[%emt 0:00:33] This pair of bishops is nice.} Kd8 25. Rf7 c5 26. Bg4 Bc6 27. Rh7 {[%emt 0:03:08] Black must now prevent Rh8+.} Nb8 28. Rh8+ Be8 29. Bf3 {[%emt 0:00:20] Weighted Error Value: White=0.12 (very precise) /Black=0.61.  Loses game:     	---       	Black=1      Mistake:       	---       	Black=1      Inaccurate:     	White=1     	Black=4      OK:         	White=4     	Black=3      Best:        	White=2     	---        Strong:       	White=1     	---} 1-0

[Event "XII Cracow ICC-A 2024"]
[Site "Krakow"]
[Date "2024.06.25"]
[Round "5.9"]
[White "Karolczuk, Iwo"]
[Black "Bogdanov, Egor"]
[Result "1/2-1/2"]
[ECO "E61"]
[WhiteElo "2293"]
[BlackElo "2433"]
[Annotator "TA"]
[PlyCount "92"]
[EventDate "2024.06.20"]
[EventType "swiss"]
[EventCountry "POL"]
[SourceTitle "playchess.com"]
[Source "ChessBase"]
[SourceQuality "1"]
[TimeControl "40/5400+30:1800+30"]

1. d4 Nf6 2. c4 g6 3. Nc3 Bg7 4. g3 d6 5. Bg2 O-O 6. Nf3 Re8 7. O-O Bd7 8. e4 e5 9. h3 exd4 10. Nxd4 Nc6 11. Be3 Nxd4 12. Bxd4 c5 13. Be3 Qc8 14. Kh2 Bc6 15. Qc2 Qe6 16. Nd5 Rac8 {[%emt 0:01:03][%cal Rf6e4] Against Nc7} 17. Rfe1 b5 18. cxb5 Bxb5 19. Nc3 Bc6 20. Rad1 Nxe4 21. Bf4 Bxc3 22. bxc3 Qc4 23. Bxe4 Bxe4 24. Qb3 Qxb3 25. axb3 d5 26. Rd2 Re6 27. Ra1 Rb6 28. Ra3 f6 29. g4 g5 30. Be3 Rcb8 31. Rb2 {[%emt 0:02:26] [#]} d4 $1 32. Bd2 (32. cxd4 c4) 32... Bd5 ({Black should try} 32... a5 $17 {Hoping for ...c4.} 33. c4 R6b7 34. Bxa5 Bd3) 33. cxd4 $11 cxd4 34. b4 Re6 35. Rxa7 Re2 36. Kg3 Bc4 37. Rd7 d3 38. Rd4 Bb5 39. Rd5 Kf7 40. Rc5 Ba4 41. Ra2 Rxb4 42. Rd5 {[%emt 0:01:48] Inhibits Rd4.} Rb1 (42... Rf4 $1 $15 43. Rxd3 Rfxf2 (43... Rexf2 $2 {perishes.} 44. Rxa4 Rxa4 45. Kxf2 $18) 44. Rxa4 Rg2+ 45. Kf3 Rxd2 46. Rxd2 Rxd2) 43. Rxa4 {[%emt 0:01:35] The position is equal.} Rxd2 44. Ra7+ Ke6 45. Rad7 Rb6 46. Rxd3 Rxd3+ {[%emt 0:00:03] Weighted Error Value: White=0.08 (flawless) /Black=0.08 (flawless) .  Mistake:       	---       	Black=2      Inaccurate:     	White=4     	---        OK:         	White=14    	Black=16     Best:        	White=3     	Black=3} 1/2-1/2

[Event "XII Cracow ICC-A 2024"]
[Site "Krakow"]
[Date "2024.06.25"]
[Round "5.10"]
[White "Dziewonski, Dariusz"]
[Black "Kelires, Andreas"]
[Result "1/2-1/2"]
[ECO "B93"]
[WhiteElo "2293"]
[BlackElo "2515"]
[Annotator "RC"]
[PlyCount "106"]
[EventDate "2024.06.20"]
[EventType "swiss"]
[EventCountry "POL"]
[SourceTitle "playchess.com"]
[Source "ChessBase"]
[SourceQuality "1"]
[TimeControl "40/5400+30:1800+30"]

1. e4 c5 2. Nf3 d6 3. d4 cxd4 4. Nxd4 Nf6 5. Nc3 a6 6. f4 e5 7. Nb3 Bd7 8. Bd3 Be7 9. Nd5 Bc6 10. Nxe7 Qxe7 11. fxe5 dxe5 12. O-O Nbd7 13. Qe2 Qe6 14. Bg5 h6 15. Bh4 Bb5 16. Bf2 Bxd3 17. cxd3 Rc8 18. Rac1 O-O 19. Rxc8 Rxc8 20. Rc1 Rxc1+ 21. Nxc1 Nb8 22. h3 Nc6 23. Qc2 Ne8 24. Qb3 Qc8 25. Qc4 Nd6 26. Qc5 Nb5 27. a4 Nc7 28. Qd6 Ne6 29. Ne2 Qc7 30. Qxc7 Nxc7 31. d4 exd4 32. Nxd4 Nxd4 33. Bxd4 Ne6 34. Be3 Kf8 35. Kf2 Ke7 36. Ke2 Kd6 37. Kd3 h5 38. g3 g6 39. Kc4 Ke5 40. Kd3 Kd6 41. Kc4 Ke5 42. Kd3 f5 43. exf5 gxf5 44. h4 Kd5 45. b4 b5 46. axb5 axb5 47. Bd2 Nf8 48. Be3 Ng6 49. Bf4 Nf8 50. Be3 Ne6 51. Bd2 Kd6 52. Bc3 Kc6 53. Be1 Kd5 1/2-1/2